[ PARTIDA AOE2 · #488458076 ]
1v1 RMMagiares vs Franks
Equipo del jugador · VICT
Equipo rival · DERR
[ ANÁLISIS DE REPETICIÓN · EXTRAÍDO DE LA PARTIDA GRABADA ]
Feudal
9:59
Castillos
23:58
Imperial
39:46
| APM promedio | 22.8 |
| APM pico | 56 |
| eAPM promedio | 13.9 |
| Aldeanos / militares | 118 / 245 |
Foco
⚔️ 30.9% · 🌾 69.1%
Knight ×99 · Magyar Huszar ×71 · Skirmisher ×43 · Scout Cavalry ×12 · Spearman ×8 · Monk ×6
Feudal
9:42
Castillos
22:52
Imperial
43:13
| APM promedio | 22.9 |
| APM pico | 57 |
| eAPM promedio | 16.0 |
| Aldeanos / militares | 253 / 265 |
Foco
⚔️ 21.9% · 🌾 78.1%
Spearman ×132 · Knight ×87 · Scout Cavalry ×40 · Trebuchet (Packed) ×5 · Monk ×1
Mapa de la partida
Recursos iniciales + cada clic de construcción. Líneas = muros · curvas = relieve. ◆ oro · ⬟ piedra · ● bayas · ✦ reliquia · ◌ hueco del cierre
Tu base· ✓ Cerrada en 23:58 · 66t muro · 3 puerta(s)
Base de AKKSILEN1907· Abierta — hueco de 4t
Terreno inicial suavizado · ◌ = hueco del cierre detectado · pasá el cursor para detalles
Inputs por minuto
— danielvera932 - - AKKSILEN1907
Build order — danielvera932
Primeras 150 de 403 acciones detectadas
| 0:01 | Crear | Villager (Male) |
| 0:01 | Crear | Villager (Male) |
| 0:02 | Crear | Villager (Male) |
| 0:03 | Construir | House |
| 0:06 | Construir | House |
| 1:36 | Crear | Villager (Male) |
| 1:36 | Crear | Villager (Male) |
| 1:37 | Crear | Villager (Male) |
| 2:34 | Crear | Villager (Male) |
| 2:35 | Crear | Villager (Male) |
| 2:35 | Crear | Villager (Male) |
| 2:55 | Construir | Lumber Camp |
| 3:45 | Crear | Villager (Male) |
| 3:45 | Crear | Villager (Male) |
| 3:45 | Crear | Villager (Male) |
| 3:45 | Crear | Villager (Male) |
| 3:46 | Crear | Villager (Male) |
| 4:40 | Construir | House |
| 5:32 | Construir | Mill |
| 5:40 | Crear | Villager (Male) |
| 5:41 | Crear | Villager (Male) |
| 5:41 | Crear | Villager (Male) |
| 5:41 | Crear | Villager (Male) |
| 6:24 | Crear | Villager (Male) |
| 6:25 | Investigar | Loom |
| 6:39 | Construir | Palisade Wall |
| 7:01 | Crear | Villager (Male) |
| 7:49 | Investigar | Feudal Age |
| 8:10 | Construir | Palisade Wall |
| 8:13 | Construir | Palisade Wall |
| 8:22 | Construir | Palisade Gate |
| 8:30 | Construir | House |
| 8:35 | Construir | Palisade Wall |
| 8:58 | Construir | Barracks |
| 9:59 | Edad | Edad Feudal |
| 10:09 | Construir | Stable |
| 10:27 | Construir | Palisade Wall |
| 10:34 | Crear | Villager (Male) |
| 10:34 | Crear | Villager (Male) |
| 10:34 | Crear | Villager (Male) |
| 10:34 | Crear | Villager (Male) |
| 10:49 | Construir | House |
| 10:54 | Crear | Militia |
| 10:55 | Crear | Scout Cavalry |
| 10:55 | Crear | Scout Cavalry |
| 10:56 | Crear | Scout Cavalry |
| 11:11 | Construir | Palisade Gate |
| 11:15 | Construir | Palisade Wall |
| 11:28 | Construir | Palisade Wall |
| 11:31 | Construir | Palisade Wall |
| 11:42 | Construir | Palisade Gate |
| 12:02 | Construir | House |
| 12:15 | Crear | Scout Cavalry |
| 12:17 | Crear | Villager (Male) |
| 12:17 | Crear | Villager (Male) |
| 12:24 | Construir | Farm |
| 12:24 | Construir | Farm |
| 12:25 | Construir | Farm |
| 12:31 | Construir | Farm |
| 12:35 | Construir | Farm |
| 12:38 | Construir | Farm |
| 12:56 | Crear | Villager (Male) |
| 12:56 | Crear | Villager (Male) |
| 13:31 | Crear | Villager (Male) |
| 14:10 | Crear | Villager (Male) |
| 14:10 | Crear | Villager (Male) |
| 14:28 | Construir | House |
| 14:31 | Construir | House |
| 14:35 | Crear | Spearman |
| 14:35 | Crear | Spearman |
| 14:41 | Crear | Scout Cavalry |
| 14:41 | Crear | Scout Cavalry |
| 15:25 | Construir | Palisade Wall |
| 15:45 | Crear | Scout Cavalry |
| 15:52 | Construir | Lumber Camp |
| 15:56 | Construir | House |
| 16:01 | Construir | Mining Camp |
| 16:20 | Crear | Villager (Male) |
| 16:20 | Crear | Villager (Male) |
| 16:30 | Construir | Farm |
| 16:31 | Construir | Farm |
| 16:39 | Construir | Farm |
| 16:43 | Construir | Farm |
| 16:50 | Construir | House |
| 17:01 | Construir | Palisade Wall |
| 17:17 | Construir | Farm |
| 17:19 | Crear | Villager (Male) |
| 17:19 | Crear | Villager (Male) |
| 17:32 | Construir | Farm |
| 17:36 | Crear | Villager (Male) |
| 18:24 | Crear | Villager (Male) |
| 18:25 | Crear | Villager (Male) |
| 19:55 | Crear | Villager (Male) |
| 19:55 | Crear | Villager (Male) |
| 20:02 | Construir | Market |
| 20:22 | Construir | Blacksmith |
| 20:25 | Construir | House |
| 20:26 | Construir | House |
| 20:39 | Crear | Spearman |
| 20:39 | Crear | Spearman |
| 20:59 | Investigar | Double-Bit Axe |
| 21:04 | Crear | Villager (Male) |
| 21:17 | Investigar | Castle Age |
| 21:19 | Crear | Villager (Male) |
| 21:20 | Crear | Villager (Male) |
| 21:35 | Construir | Farm |
| 21:53 | Construir | Mining Camp |
| 22:12 | Construir | Stable |
| 22:27 | Investigar | Gold Mining |
| 22:31 | Investigar | Horse Collar |
| 22:38 | Construir | Farm |
| 22:42 | Investigar | Scale Barding Armor |
| 23:46 | Construir | Farm |
| 23:53 | Construir | Farm |
| 23:58 | Edad | Edad de los Castillos |
| 24:21 | Construir | Town Center |
| 24:23 | Crear | Villager (Male) |
| 24:24 | Crear | Villager (Male) |
| 24:46 | Crear | Knight |
| 24:46 | Crear | Knight |
| 25:05 | Crear | Villager (Male) |
| 25:58 | Crear | Knight |
| 25:58 | Crear | Knight |
| 26:05 | Crear | Spearman |
| 26:05 | Crear | Spearman |
| 26:20 | Construir | Monastery |
| 26:31 | Investigar | Bloodlines |
| 26:35 | Crear | Spearman |
| 26:36 | Crear | Spearman |
| 26:43 | Crear | Villager (Male) |
| 26:43 | Crear | Villager (Male) |
| 26:44 | Crear | Villager (Male) |
| 26:44 | Crear | Villager (Male) |
| 26:52 | Crear | Villager (Male) |
| 26:52 | Crear | Villager (Male) |
| 26:52 | Crear | Villager (Male) |
| 26:58 | Construir | Farm |
| 27:01 | Construir | Farm |
| 27:02 | Construir | Farm |
| 27:24 | Investigar | Bow Saw |
| 27:29 | Crear | Monk |
| 27:29 | Crear | Monk |
| 27:35 | Crear | Knight |
| 27:35 | Crear | Knight |
| 27:50 | Construir | Farm |
| 27:55 | Crear | Villager (Male) |
| 27:55 | Crear | Villager (Male) |
| 27:57 | Crear | Villager (Male) |
| 28:01 | Crear | Villager (Male) |
| 28:08 | Construir | House |
Build order — AKKSILEN1907
Primeras 150 de 566 acciones detectadas
| 0:01 | Crear | Villager (Male) |
| 0:01 | Crear | Villager (Male) |
| 0:02 | Construir | House |
| 0:03 | Construir | House |
| 0:09 | Crear | Villager (Male) |
| 0:10 | Crear | Villager (Male) |
| 0:10 | Crear | Villager (Male) |
| 1:19 | Crear | Villager (Male) |
| 1:20 | Crear | Villager (Male) |
| 1:49 | Construir | Lumber Camp |
| 1:57 | Crear | Villager (Male) |
| 1:57 | Crear | Villager (Male) |
| 2:18 | Crear | Villager (Male) |
| 2:19 | Crear | Villager (Male) |
| 2:44 | Crear | Villager (Male) |
| 2:44 | Crear | Villager (Male) |
| 3:17 | Crear | Villager (Male) |
| 3:18 | Crear | Villager (Male) |
| 3:40 | Crear | Villager (Male) |
| 3:40 | Crear | Villager (Male) |
| 3:48 | Construir | House |
| 3:54 | Crear | Villager (Male) |
| 4:19 | Construir | House |
| 4:33 | Crear | Villager (Male) |
| 4:56 | Crear | Villager (Male) |
| 4:57 | Crear | Villager (Male) |
| 4:58 | Crear | Villager (Male) |
| 5:11 | Crear | Villager (Male) |
| 5:52 | Crear | Villager (Male) |
| 6:26 | Construir | Mill |
| 7:07 | Crear | Villager (Male) |
| 7:24 | Investigar | Feudal Age |
| 7:49 | Construir | Mining Camp |
| 8:03 | Crear | Villager (Male) |
| 8:04 | Crear | Villager (Male) |
| 8:30 | Construir | Barracks |
| 8:34 | Crear | Villager (Male) |
| 8:41 | Construir | House |
| 8:58 | Crear | Villager (Male) |
| 9:34 | Construir | Farm |
| 9:42 | Edad | Edad Feudal |
| 9:44 | Construir | Farm |
| 10:05 | Crear | Villager (Male) |
| 10:21 | Construir | Stable |
| 10:27 | Construir | Palisade Gate |
| 10:30 | Construir | House |
| 10:34 | Construir | House |
| 10:36 | Crear | Villager (Male) |
| 10:43 | Construir | Farm |
| 10:47 | Construir | Farm |
| 11:24 | Construir | House |
| 11:29 | Construir | House |
| 11:37 | Construir | Palisade Wall |
| 11:41 | Construir | Palisade Gate |
| 11:43 | Crear | Villager (Male) |
| 12:06 | Crear | Villager (Male) |
| 12:11 | Crear | Scout Cavalry ×2 |
| 12:20 | Crear | Scout Cavalry |
| 12:50 | Construir | Farm |
| 12:57 | Construir | Farm |
| 12:57 | Construir | Farm |
| 12:58 | Construir | Farm |
| 12:58 | Construir | Farm |
| 12:58 | Construir | Farm |
| 12:58 | Construir | Farm |
| 12:59 | Construir | Farm |
| 13:04 | Crear | Villager (Male) |
| 13:16 | Investigar | Loom |
| 13:37 | Construir | Farm |
| 13:52 | Crear | Spearman |
| 13:53 | Crear | Spearman |
| 13:53 | Crear | Spearman |
| 14:38 | Crear | Villager (Male) |
| 14:38 | Crear | Villager (Male) |
| 14:38 | Crear | Villager (Male) |
| 14:55 | Crear | Villager (Male) |
| 15:02 | Construir | Farm |
| 15:02 | Construir | Farm |
| 15:03 | Construir | Farm |
| 15:03 | Construir | Farm |
| 15:03 | Construir | Farm |
| 15:58 | Crear | Villager (Male) |
| 16:12 | Crear | Villager (Male) |
| 16:33 | Crear | Villager (Male) |
| 17:13 | Construir | House |
| 17:14 | Crear | Villager (Male) |
| 17:32 | Crear | Villager (Male) |
| 18:11 | Crear | Spearman |
| 18:31 | Crear | Villager (Male) |
| 19:11 | Crear | Villager (Male) |
| 19:21 | Construir | Market |
| 20:09 | Crear | Villager (Male) |
| 20:12 | Investigar | Castle Age |
| 20:27 | Investigar | Double-Bit Axe |
| 20:54 | Crear | Villager (Male) |
| 20:56 | Crear | Villager (Male) |
| 20:57 | Crear | Villager (Male) |
| 21:16 | Construir | Stable |
| 21:19 | Construir | House |
| 21:22 | Construir | House |
| 21:25 | Construir | House |
| 21:26 | Construir | House |
| 21:33 | Construir | House |
| 21:41 | Construir | Palisade Wall |
| 21:52 | Construir | Palisade Gate |
| 21:54 | Crear | Villager (Male) |
| 22:25 | Crear | Villager (Male) |
| 22:25 | Crear | Villager (Male) |
| 22:46 | Investigar | Gold Mining |
| 22:52 | Edad | Edad de los Castillos |
| 22:53 | Crear | Knight ×3 |
| 23:01 | Crear | Knight |
| 23:16 | Construir | Farm |
| 23:16 | Construir | Farm |
| 23:26 | Construir | Mining Camp |
| 23:27 | Crear | Villager (Male) |
| 23:42 | Construir | Town Center |
| 23:45 | Crear | Villager (Male) |
| 23:45 | Crear | Villager (Male) |
| 23:50 | Construir | Farm |
| 24:03 | Crear | Villager (Male) |
| 24:18 | Construir | House |
| 24:22 | Construir | House |
| 24:32 | Construir | House |
| 24:44 | Construir | Town Center |
| 24:45 | Crear | Villager (Male) |
| 24:45 | Crear | Villager (Male) |
| 24:45 | Crear | Villager (Male) |
| 25:10 | Crear | Villager (Male) |
| 25:12 | Crear | Villager (Male) |
| 25:13 | Crear | Villager (Male) |
| 25:29 | Crear | Villager (Male) |
| 26:15 | Construir | Monastery |
| 26:17 | Crear | Villager (Male) |
| 26:18 | Crear | Villager (Male) |
| 26:34 | Crear | Villager (Male) |
| 26:35 | Crear | Villager (Male) |
| 26:41 | Construir | House |
| 26:42 | Construir | House |
| 26:45 | Construir | House |
| 26:48 | Construir | House |
| 26:48 | Construir | House |
| 26:50 | Construir | House |
| 26:55 | Construir | Palisade Wall |
| 27:00 | Construir | Palisade Gate |
| 27:01 | Crear | Villager (Male) |
| 27:01 | Crear | Villager (Male) |
| 27:05 | Crear | Monk |
| 27:26 | Crear | Villager (Male) |
| 27:27 | Crear | Villager (Male) |
Cronología de la partida
| 6:39 | danielvera932 · wall_segment Palisade Wall x7 |
| 8:10 | danielvera932 · wall_segment Palisade Wall x4 |
| 8:13 | danielvera932 · wall_segment Palisade Wall x6 |
| 8:30 | AKKSILEN1907 · first_building Barracks |
| 8:35 | danielvera932 · wall_segment Palisade Wall x8 |
| 8:58 | danielvera932 · first_building Barracks |
| 9:42 | AKKSILEN1907 · age_up feudal |
| 9:59 | danielvera932 · age_up feudal |
| 10:09 | danielvera932 · first_building Stable |
| 10:21 | AKKSILEN1907 · first_building Stable |
| 10:27 | danielvera932 · wall_segment Palisade Wall x17 |
| 11:15 | danielvera932 · wall_segment Palisade Wall x6 |
| 11:28 | danielvera932 · wall_segment Palisade Wall x4 |
| 11:31 | danielvera932 · wall_segment Palisade Wall x6 |
| 11:37 | AKKSILEN1907 · wall_segment Palisade Wall x3 |
| 15:25 | danielvera932 · wall_segment Palisade Wall x14 |
| 17:01 | danielvera932 · wall_segment Palisade Wall x1 |
| 21:10 | danielvera932 · first_market_sell 100 wood |
| 21:12 | danielvera932 · first_market_buy 100 food |
| 21:41 | AKKSILEN1907 · wall_segment Palisade Wall x1 |
| 22:52 | AKKSILEN1907 · age_up castle |
| 23:58 | danielvera932 · age_up castle |
| 26:15 | AKKSILEN1907 · first_building Monastery |
| 26:20 | danielvera932 · first_building Monastery |
| 26:55 | AKKSILEN1907 · wall_segment Palisade Wall x1 |
| 33:17 | AKKSILEN1907 · first_building Castle |
| 37:14 | danielvera932 · first_building Castle |
| 39:46 | danielvera932 · age_up imperial |
| 43:13 | AKKSILEN1907 · age_up imperial |
| 45:06 | danielvera932 · first_building Archery Range |
| 59:55 | AKKSILEN1907 · first_market_buy 100 stone |
| 64:33 | AKKSILEN1907 · resign |
[ ANÁLISIS IA · 1 CRÉDITO ]
¿Qué pasó realmente en esta partida?
Wolo.gg analiza cada decisión: build order, eco, micro, errores típicos por bracket. Análisis personalizado por WhatsApp o Discord en 30 segundos.
Guía civ
Magiares
Guía mapa
Arabia
Perfil
danielvera932